Map: Cyber Forest LE

Players

PtitDrogo

  • Race: Protoss Protoss
  • Spawn Location: 11:00

Neeb - Winner!

  • Race: Protoss Protoss
  • Spawn Location: 5:00

Event: 2019 WCS Summer

VOD

Have the link to the VOD?

Description

Time

  • Played on: July 13, 2019, 2:59 p.m.
  • Length: 13:37

All games in this series

Show
View Real Time Build Order
Export as new Build Order

PtitDrogo Protoss 

Build Orders: Oracle Opening 

Get SALT Encoding   

  12  0:00  Probe  
  13  0:13  Probe  
  14  0:17  Pylon  
  14  0:25  Probe  
  15  0:33  Probe  
  15  0:35  Gateway  
  15  0:41  Probe  
  16  0:46  Assimilator  
  17  0:51  Probe  
  17  0:55  Assimilator  
  18  0:59  Probe  
  19  1:07  Probe  
  19  1:08  Gateway  
  19  1:17  Probe  
  20  1:23  Cybernetics Core  
  21  1:29  Probe  
  22  1:32  Pylon  
  22  1:41  Probe  
  23  1:51  Warp Gate  
  23  1:53  Probe  
  24  2:00  Stalker x2  
  28  2:10  Pylon  
  28  2:23  Stargate  
  28  2:33  Adept x2  
  31  2:56  Oracle  
  31  2:59  Shield Battery  
  34  3:14  Nexus  
  34  3:15  Probe  
  35  3:21  Pylon  
  35  3:27  Shield Battery  
  35  3:38  Oracle  
  35  3:41  Probe  
  39  3:47  Robotics Facility  
  39  3:53  Probe  
  40  3:58  Adept  
  42  4:05  Probe, Adept  
  43  4:17  Probe  
  39  4:27  Probe  
  39  4:29  Probe  
  41  4:35  Probe  
  41  4:41  Probe, Immortal  
  41  4:45  Probe  
  48  4:53  Probe  
  48  4:56  Adept  
  48  4:57  Probe  
  52  5:03  Pylon  
  52  5:05  Probe  
  53  5:09  Probe  
  53  5:13  Immortal, Pylon  
  54  5:17  Probe  
  55  5:21  Probe  
  55  5:28  Sentry, Forge  
  62  5:30  Probe  
  62  5:34  Probe  
  64  5:37  Assimilator  
  64  5:39  Assimilator  
  64  5:42  Probe, Warp Prism  
  65  5:46  Probe  
  64  5:53  Twilight Council  
  64  5:54  Probe  
  65  6:01  Protoss Ground Weapons Level 1  
  66  6:06  Probe  
  64  6:21  Probe  
  64  6:23  Probe  
  63  6:31  Charge  
  63  6:33  Probe  
  63  6:35  Probe  
  63  6:36  Templar Archives  
  63  6:38  Gateway x2  
  65  6:40  Observer  
  65  6:42  Gateway  
  65  6:45  Probe, Gateway  
  67  6:47  Probe  
  67  6:49  Pylon  
  68  7:00  Gateway  
  68  7:02  Gateway  
  68  7:04  Zealot x2  
  72  7:23  Photon Cannon  
  72  7:25  Nexus  
  72  7:36  Zealot x3  
  78  7:43  Stalker, Zealot x2  
  80  7:51  Protoss Ground Weapons Level 2  
  80  7:57  High Templar x2  
  80  7:58  High Templar  
  86  8:01  Pylon  
  86  8:03  Pylon  
  86  8:18  Archon  
  86  8:22  High Templar  
  86  8:23  High Templar  
  86  8:24  Zealot x2, High Templar  
  96  8:27  Probe  
  96  8:30  Archon x2  
  97  8:38  High Templar  
  97  8:39  Zealot, High Templar  
  97  8:40  Probe  
  97  8:41  Probe  
  105  8:42  Pylon  
  105  8:43  Probe  
  105  8:46  Pylon  
  105  8:47  Archon  
  106  8:55  Phoenix  
  106  9:05  Zealot x5  
  106  9:09  Zealot  
  117  9:19  Pylon  
  111  9:36  Pylon  
  111  9:38  Pylon  
  111  9:40  Pylon  
  111  9:52  Pylon  
  111  9:54  High Templar x2  
  111  9:55  High Templar  
  111  9:56  High Templar  
  111  9:57  Zealot x3  
  111  9:58  Archon  
  125  10:00  Archon  
  125  10:03  Pylon  
  125  10:05  Protoss Ground Weapons Level 3  
  125  10:10  Zealot  
  127  10:16  Dark Shrine  
  126  10:23  Zealot x2  
  130  10:34  Warp Prism  
  130  10:35  Zealot  
  132  10:40  Zealot x2  
  132  10:41  Zealot x3  
  134  10:53  Pylon  
  134  11:12  High Templar x2  
  134  11:13  High Templar x2  
  134  11:15  Zealot x4  
  134  11:17  Archon x2  
  150  11:19  Pylon  
  150  11:21  Pylon  
  136  11:37  Dark Templar x2  
  136  11:39  Zealot x2  
  114  11:41  Warp Prism  
  111  11:47  Zealot x2  
  103  11:59  High Templar x2  
  107  12:03  Archon  
  107  12:06  Zealot x2  
  109  12:17  Zealot x4  
  117  12:35  High Templar x2  
  117  12:36  Zealot x2  
  125  12:39  Zealot x2, Archon  
  125  12:43  Zealot  
  131  12:45  Zealot  
  129  13:08  Zealot x3, High Templar x2  
  129  13:09  Observer  
  135  13:12  Archon  
  108  13:28  Zealot x3  
Show
View Real Time Build Order
Export as new Build Order

Neeb Protoss - Winner!

Build Orders: Zealot Archon 

Get SALT Encoding   

  12  0:00  Probe  
  13  0:12  Probe  
  14  0:17  Pylon  
  14  0:23  Probe  
  15  0:31  Probe  
  15  0:37  Gateway  
  15  0:39  Probe  
  16  0:45  Assimilator  
  17  0:51  Probe  
  17  0:53  Assimilator  
  18  0:59  Probe  
  19  1:06  Gateway  
  19  1:07  Probe  
  19  1:17  Probe  
  20  1:24  Cybernetics Core  
  21  1:29  Probe  
  22  1:35  Pylon  
  22  1:41  Probe  
  23  1:52  Warp Gate  
  23  1:53  Probe  
  26  2:01  Adept  
  26  2:02  Adept  
  26  2:06  Probe  
  29  2:13  Pylon  
  29  2:19  Pylon  
  29  2:33  Adept  
  29  2:36  Adept  
  33  2:48  Nexus  
  33  3:03  Adept  
  35  3:06  Adept  
  35  3:10  Pylon  
  37  3:17  Robotics Facility  
  37  3:25  Shield Battery  
  37  3:31  Probe  
  38  3:42  Adept  
  38  3:43  Probe  
  38  3:44  Adept  
  38  3:47  Pylon  
  43  3:57  Probe  
  43  4:00  Stalker  
  43  4:02  Sentry  
  48  4:06  Probe  
  49  4:24  Probe x2  
  41  4:27  Forge  
  41  4:32  Stalker, Probe x2, Sentry  
  41  4:35  Observer  
  46  4:40  Probe x2  
  46  4:42  Shield Battery  
  48  4:51  Probe x2  
  50  4:57  Twilight Council  
  50  4:59  Sentry  
  52  5:03  Probe x2  
  52  5:06  Stalker  
  56  5:12  Protoss Ground Weapons Level 1  
  54  5:15  Probe x2  
  54  5:17  Assimilator  
  54  5:19  Assimilator  
  56  5:24  Adept  
  56  5:27  Probe  
  56  5:28  Probe  
  60  5:34  Gateway  
  60  5:35  Gateway  
  60  5:39  Stalker  
  61  5:44  Probe x2  
  61  5:56  Probe  
  62  5:57  Probe, Templar Archives  
  62  6:01  Warp Prism  
  62  6:02  Charge  
  63  6:08  Probe  
  63  6:09  Probe  
  65  6:25  Gateway  
  61  6:26  Gateway  
  61  6:34  Gateway  
  61  6:37  Zealot x2, Gateway  
  65  6:45  Pylon  
  65  6:49  Zealot x2, Pylon  
  65  6:53  Probe  
  70  6:55  Protoss Ground Weapons Level 2  
  70  6:58  Pylon  
  70  6:59  Pylon  
  70  7:05  Zealot x2  
  74  7:11  Pylon  
  74  7:16  High Templar  
  74  7:17  High Templar  
  74  7:20  High Templar x2  
  74  7:21  Archon  
  82  7:24  Archon  
  82  7:38  Zealot x3  
  88  7:55  Nexus  
  88  7:58  Zealot, High Templar x2  
  92  8:02  Pylon  
  92  8:03  Archon, Pylon  
  94  8:22  Zealot x2, High Templar x2  
  94  8:23  Zealot  
  104  8:27  Archon  
  104  8:31  Zealot x3  
  110  8:36  Pylon  
  110  8:37  Pylon  
  110  8:49  Pylon  
  110  8:58  High Templar x2  
  110  8:59  Zealot x4  
  110  9:00  High Templar x2  
  126  9:03  Archon  
  126  9:04  Archon  
  126  9:14  Protoss Ground Weapons Level 3  
  123  9:19  Stalker x3  
  123  9:22  Probe x3  
  127  9:34  Probe x2  
  127  9:37  Probe  
  130  9:46  Probe  
  131  9:56  Zealot x2  
  135  10:06  Pylon  
  135  10:07  High Templar x2  
  135  10:08  Zealot x2  
  135  10:10  Pylon  
  135  10:13  Archon  
  143  10:18  Zealot x3  
  149  10:24  Pylon  
  149  10:25  Observer  
  149  10:41  Observer  
  149  10:43  Zealot x2, High Templar x2  
  149  10:44  Zealot x3  
  149  10:47  Pylon  
  149  10:48  Archon  
  164  10:57  Observer  
  164  10:58  Photon Cannon  
  164  11:01  Pylon  
  164  11:13  Photon Cannon  
  164  11:15  Photon Cannon  
  164  11:29  Robotics Bay  
  164  11:31  Robotics Facility  
  129  11:41  High Templar x2  
  129  11:42  Zealot  
  129  11:43  Zealot x3  
  129  11:46  Archon  
  117  12:06  Probe x2  
  117  12:08  Probe  
  118  12:14  Zealot x4  
  118  12:15  Disruptor x2, Zealot x4  
  134  12:18  Probe  
  134  12:19  Probe  
  134  12:20  Probe  
  143  12:32  Assimilator  
  143  12:33  Assimilator  
  143  12:42  High Templar  
  143  12:43  Zealot x3, High Templar  
  153  12:48  Archon  
  153  12:49  Probe x3  
  156  12:59  Disruptor  
  156  13:01  Probe x2  
  161  13:15  Zealot, High Templar x2  
  161  13:16  Zealot x5  
  174  13:25  Archon  
  150  13:36  Zealot x2  
  150  13:37  Zealot x4  
Tags
 
Add a new tag
Caveats
  • Supply blocks, unpowered buildings, or Contaminate may cause inaccurate times.
  • Supply counts are checked every 10 seconds.